 Dungeon Crawl Stone Soup version 0.18-b1-10-g3f7de93 (webtiles) character file.

107 juanjsm the Stinger (level 4, -1/21 HPs)
             Began as a Spriggan Venom Mage on Apr 29, 2016.
             Killed from afar by an orc wizard (6 damage)
             ... with a magic dart
             ... on level 3 of the Dungeon.
             The game lasted 00:09:28 (2207 turns).

juanjsm the Stinger (Spriggan Venom Mage)           Turns: 2207, Time: 00:09:29

Health: -1/21      AC:  2    Str:  4    XL:     4   Next: 56%
Magic:  0/10       EV: 19    Int: 17    God:
Gold:   101        SH:  0    Dex: 16    Spells: 3 memorised, 4 levels left

rFire  . . .     SeeInvis +     f - +0 dagger
rCold  . . .     Gourm    .     a - +0 robe
rNeg   . . .     Faith    .     (shield restricted)
rPois  .         Spirit   .     (helmet restricted)
rElec  .         Dismiss  .     (no cloak)
rCorr  .         Reflect  .     (gloves unavailable)
SustAt .         Harm     .     (boots unavailable)
MR     .....                    (no amulet)
Stlth  ++........               (no ring)
                                k - ring of loudness (curse)

@: very quick, not resistant to hostile enchantments, unstealthy
A: unfitting armour, see invisible, herbivore 3, speed 3, slow metabolism 2
a: no special abilities


You were on level 3 of the Dungeon.
You were not hungry.

You visited 1 branch of the dungeon, and saw 4 of its levels.

You collected 101 gold pieces.

Inventory:

Hand Weapons
 f - a +0 dagger (weapon)
Armour
 a - a +0 robe (worn)
Jewellery
 e - an uncursed amulet of rage {unknown}
 k - a cursed ring of loudness (left hand)
Scrolls
 d - a scroll of random uselessness {unknown}
 i - 2 scrolls of teleportation {unknown}
Potions
 g - 2 potions of curing
 h - a potion of cure mutation
 j - 3 potions of resistance
Books
 b - a Young Poisoner's Handbook

   Spells                             Type                      Level
   a - Sting                          Conjuration/Poison           1
   b - Cure Poison                    Poison                       2
   c - Mephitic Cloud                 Conjuration/Poison/Air       3
   d - Olgreb's Toxic Radiance        Poison                       4
   e - Venom Bolt                     Conjuration/Poison           5
Comestibles
 c - 2 bread rations


   Skills:
 + Level 0.2 Fighting
 + Level 3.7 Dodging
 + Level 3.2 Stealth
 + Level 3.5 Spellcasting
 + Level 1.2 Conjurations
 + Level 4.9 Poison Magic


You had 4 spell levels left.
You knew the following spells:

 Your Spells              Type           Power        Failure   Level  Hunger
a - Sting                 Conj/Pois      ##..         6%          1    None
b - Cure Poison           Pois           ###.......   3%          2    ##.....
c - Mephitic Cloud        Conj/Pois/Air  #.......     24%         3    ###....


Dungeon Overview and Level Annotations

Branches:
Dungeon (4/15)
 Temple: D:4-7

Altars:
Makhleb


Innate Abilities, Weirdness & Mutations

You are tiny and cannot use many weapons and most armour.
You have supernaturally acute eyesight.
You are a herbivore.
You cover ground extremely quickly.
You need consume almost no food.


Message History

You barely miss the orc wizard.
The orc wizard is lightly wounded.
The orc wizard hits you but does no damage.
Found a sedimented dark potion.
The orc hits you with a flail.
You hit the orc wizard.
The orc wizard is moderately wounded.
The orc wizard hits you with a dagger. x2
* * * LOW HITPOINT WARNING * * *
Casting: Sting
Confirm with . or Enter, or press ? or * to list all spells.
Aiming: Sting
Press: ? - help, Shift-Dir - straight line, f - orc wizard, p - orc
Aim: an orc wizard, wielding a dagger and wearing a robe (moderately wounded, fast, slightly transparent)
The sting misses the orc wizard.
The sting hits the orc.
The orc appears unharmed.
The orc is moderately wounded.
The orc wizard gestures at you while chanting.
The magic dart hits you!
You die...

....)[..o.o....#.#.########.##.##
##.#.g#o######.#.#.########.##.#
# #.....# #o#.#.#......†.##.#
#.....# #.#.#.#.#########.#
#.....# #.#.#.#.......# #.#
####....[# #.#.#.#.....#.###.##
.........# #.#.#.....<.........
.o.<.....# #.#.#...#####.###.##
.o###.#..# #.#@#...............
%........# #.#o#..########.#.##
..##.###.. #.)o....# #..... ..# #
.# ###.#...#########... ..# .
#.#..............# ###
#.#...............
#.#.!............#
#.#..####........# #.#..#
#........#


You could see an orc wizard (invisible) and an orc.

Vanquished Creatures
  A hound (D:2)
  A worm (D:2)
  A dart slug (D:1)
  6 giant geckos
  2 orcs (D:3)
  4 giant cockroaches
  4 goblins (D:2)
  8 hobgoblins
  A ball python (D:3)
  4 bats
  5 giant newts
  6 kobolds
  4 rats
47 creatures vanquished.

Vanquished Creatures (others)
  An orc wizard (D:3)
1 creature vanquished.

Grand Total: 48 creatures vanquished

Notes
Turn   | Place    | Note
--------------------------------------------------------------
     0 | D:1      | juanjsm the Spriggan Venom Mage began the quest for the Orb.
     0 | D:1      | Reached XP level 1. HP: 9/9 MP: 5/5
   348 | D:1      | Reached XP level 2. HP: 13/13 MP: 4/6
   355 | D:1      | Learned a level 2 spell: Cure Poison
  1047 | D:2      | Reached XP level 3. HP: 16/16 MP: 4/8
  1052 | D:2      | Learned a level 3 spell: Mephitic Cloud
  1441 | D:2      | Found a burning altar of Makhleb.
  1447 | D:2      | Reached XP level 4. HP: 18/21 MP: 3/9
  1485 | D:2      | Reached skill level 1 in Conjurations
  2207 | D:3      | Killed from afar by an orc wizard

Skill      XL: |  1  2  3  4 |
---------------+-------------+-----
Spellcasting   | 3 |  3.5
Conjurations   | 1 |  1.2
Fighting       | |  0.2
Dodging        | |  3.7
Stealth        | |  3.2
Poison Magic   | |  4.9

Action                   |  1- 3 |  4- 6 || total
-------------------------+-------+-------++-------
Melee: Unarmed           |    13 |       ||    13
       Dagger            |    19 |    12 ||    31
 Cast: Sting             |    67 |    34 ||   101
       Mephitic Cloud    |       |     1 ||     1
  Use: Scroll            |       |     3 ||     3
 Stab: Sleeping          |     2 |       ||     2
Armor: Robe              |       |     2 ||     2
Dodge: Dodged            |    32 |    13 ||    45
